 Dungeon Crawl Stone Soup version 0.17.1-1-g73c8601 (webtiles) character file.

46 abixa the Cudgeler (level 3, -6/36 HPs)
             Began as an Ogre Skald on Jan 4, 2016.
             Killed from afar by Natasha (10 damage)
             ... with a wand of frost
             ... on level 1 of the Dungeon.
             The game lasted 00:04:38 (1448 turns).

abixa the Cudgeler (Ogre Skald)                     Turns: 1448, Time: 00:04:38

Health: -6/36      AC:  3    Str: 17    XL:     3   Next: 68%
Magic:  6/7        EV: 15    Int: 12    God:
Gold:   40         SH:  0    Dex:  9    Spells: 1 memorised, 7 levels left

rFire  . . .     SeeInvis .     a - +0 mace
rCold  . . .     Clarity  .     b - +0 robe
rNeg   . . .     SustAt   .     (no shield)
rPois  .         Gourm    .     (helmet restricted)
rElec  .         Spirit   .     (no cloak)
rCorr  .         Warding  .     (gloves unavailable)
rMut   .         Stasis   .     (boots unavailable)
MR     .....                    (no amulet)
Stlth  +.........               (no ring)
                                m - +6 ring of evasion

@: infused (expiring), not resistant to hostile enchantments, very unstealthy
A: unfitting armour, tough skin 1
a: no special abilities


You were on level 1 of the Dungeon.
You were hungry.

You visited 1 branch of the dungeon, and saw 2 of its levels.

You collected 40 gold pieces.

Inventory:

Hand Weapons
 a - a +0 mace (weapon)
Missiles
 h - 22 stones (quivered)
 j - 13 sling bullets
 n - 18 arrows
Armour
 b - a +0 robe (worn)
Jewellery
 m - a +6 ring of evasion (left hand)
Scrolls
 e - a scroll of teleportation {unknown}
 g - 2 scrolls of identify {unknown}
 i - 2 scrolls of enchant weapon {unknown}
 k - a scroll of magic mapping {unknown}
 l - 2 scrolls of remove curse {unknown}
 o - a scroll of enchant armour {unknown}
Books
 c - a book of Battle

   Spells                             Type                      Level
   a - Infusion                       Charms                       1
   b - Shroud of Golubria             Charms/Translocation         2
   c - Song of Slaying                Charms                       2
   d - Spectral Weapon                Hexes/Charms                 3
   e - Regeneration                   Charms/Necromancy            3
Comestibles
 d - a bread ration
 f - 2 meat rations


   Skills:
 - Level 2.6 Fighting
 + Level 4.3 Maces & Flails
 - Level 1.3 Dodging
 - Level 3.0 Spellcasting
 + Level 2.4 Charms


You had 7 spell levels left.
You knew the following spells:

 Your Spells              Type           Power        Failure   Level  Hunger
a - Infusion              Chrm           #.....       12%         1    #......


Dungeon Overview and Level Annotations

Branches:
Dungeon (2/15)

Altars:
Nemelex Xobeh

Annotations:
D:1 Natasha


Innate Abilities, Weirdness & Mutations

You are too large for most types of armour.
You have tough skin (AC +1).


Message History

Natasha growls.
Natasha zaps a wand.
The puff of frost hits you!
* * * LOW HITPOINT WARNING * * *
You miss Natasha.
Natasha is heavily wounded.
Natasha zaps a wand.
The puff of frost hits you!
* * * LOW HITPOINT WARNING * * *
Natasha casts a spell at you. You resist with some effort.
You climb upwards.
Your magical infusion is running out.
There is a stone staircase leading down here.
You completely miss Natasha.
Natasha is heavily wounded.
Natasha casts a spell.
Natasha zaps a wand.
The puff of frost hits you!
You die...

##.# #.##.........# #.#
#.##.#######.# #.# #.##.# #.#
#.# #.##.# #.# #.# #.##.# #.#
##.###.##.# #.#
..........##### #5# ###
.#.###........###h########.##
.#.##.........^.#@.........)#
.#.##..######.#.##########.##
.......# #.#.# #.# .......#
#.#.# #.# ....##># #.#.# #.#
....##.# #.#.# #.# .......#
#.#.# #.# ..#.#..# #.#.# #.#
#.#.#..# #.#.## #######.#


You could see an iron imp and Natasha.

Vanquished Creatures
  An adder (D:2)
  An ooze (D:1)
  A ball python (D:1)
  A giant cockroach (D:1)
  3 hobgoblins (D:1)
  4 jackals (D:1)
  5 kobolds
  5 bats
  2 giant newts (D:1)
  5 goblins
  2 rats (D:1)
30 creatures vanquished.

Notes
Turn   | Place    | Note
--------------------------------------------------------------
     0 | D:1      | abixa the Ogre Skald began the quest for the Orb.
     0 | D:1      | Reached XP level 1. HP: 22/22 MP: 3/3
    21 | D:1      | Reached skill level 3 in Maces & Flails
   300 | D:1      | Reached XP level 2. HP: 22/29 MP: 1/5
   518 | D:1      | Reached skill level 4 in Maces & Flails
   652 | D:1      | Reached XP level 3. HP: 34/36 MP: 1/7
  1200 | D:2      | Noticed Natasha
  1215 | D:2      | Found a sparkling altar of Nemelex Xobeh.
  1448 | D:1      | Killed from afar by Natasha

Action                   || total
-------------------------++-------
Melee: Mace              ||    88
 Cast: Infusion          ||    11
 Stab: Sleeping          ||     1
  Eat: Chunk             ||     1
